 Dungeon Crawl Stone Soup version 0.21.1-1-g345015f (webtiles) character file.

110 spiff the Skirmisher (level 4, -3/49 HPs)
             Began as an Ogre Warper on July 9, 2018.
             Slain by Natasha (5 damage)
             ... on level 3 of the Dungeon.
             The game lasted 00:03:35 (2595 turns).

spiff the Skirmisher (Ogre Warper)                  Turns: 2595, Time: 00:03:36

Health: -3/49      AC:  3    Str: 16    XL:     4   Next: 91%
Magic:  9/9        EV: 10    Int: 14    God:
Gold:   129        SH:  0    Dex:  8    Spells: 10/10 levels left

rFire    . . .     SeeInvis .   a - +1 mace
rCold    . . .     Gourm    .   (no shield)
rNeg     + . .     Faith    .   b - +0 robe
rPois    .         Spirit   .   (helmet restricted)
rElec    .         Reflect  .   (no cloak)
rCorr    .         Harm     .   (gloves unavailable)
MR       .....     Rnd*Tele +   (boots unavailable)
Stlth    +.........             (no amulet)
HPRegen  0.16/turn              k - ring of teleportation (curse)
MPRegen  0.11/turn              n - ring of positive energy

@: lethally poisoned (-3 -> -4)
A: large, unfitting armour, tough skin 1
a: no special abilities


You were on level 3 of the Dungeon.
You were not hungry.

You visited 1 branch of the dungeon, and saw 3 of its levels.

You collected 129 gold pieces.

Inventory:

Hand Weapons
 a - a +1 mace (weapon)
 p - a +0 morningstar
Missiles
 e - 5 tomahawks of dispersal (quivered)
Armour
 b - a +0 robe (worn)
Jewellery
 k - a cursed ring of teleportation (left hand)
 n - a ring of positive energy (right hand)
Scrolls
 d - a scroll of blinking
 o - a scroll of teleportation
Potions
 h - 3 potions of heal wounds
 i - a potion of might {unknown}
 j - 2 potions of curing {unknown}
 l - a potion of magic {unknown}
 m - a potion of degeneration {unknown}
 q - a potion of ambrosia {unknown}
Books
 c - a book of Spatial Translocations

   Spells                             Type                      Level
   a - Blink                          Translocation                2
   b - Shroud of Golubria             Charms/Translocation         2
   c - Lesser Beckoning               Translocation                3
   d - Gell's Gravitas                Translocation                3
   e - Teleport Other                 Translocation                3
   f - Passage of Golubria            Translocation                4
Comestibles
 f - 5 rations


   Skills:
 + Level 4.4 Fighting
 + Level 2.9 Maces & Flails
 - Level 1.0 Throwing
 - Level 2.1 Dodging
 + Level 3.6 Spellcasting
   Level 2.6 Translocations


You had 10 spell levels left.
You didn't know any spells.

Dungeon Overview and Level Annotations

Branches:
Dungeon (3/15)

Altars:
Gozag
Trog

Annotations:
D:3 Natasha


Innate Abilities, Weirdness & Mutations

You are too large for most types of armour.
You have tough skin. (AC +1)


Message History

Natasha is lightly wounded.
The bat closely misses you.
Natasha casts a spell.
The giant cockroach bites you but does no damage.
You hit Natasha.
Natasha is lightly wounded.
You feel sick. The bat hits you but does no damage.
The giant cockroach closely misses you.
The crimson imp shouts, "Give up, thou droning fool-born vulture!"
The crimson imp blinks!
Natasha claws you.
* * * LOW HITPOINT WARNING * * *
The crimson imp closely misses you.
The giant cockroach bites you but does no damage.
You sock Natasha!
Natasha is almost dead.
The bat barely misses you. Natasha claws you!
* * * LOW HITPOINT WARNING * * *
The giant cockroach barely misses you. The crimson imp barely misses you.
The crimson imp blinks!
Natasha claws you.
You die...

#............# #............#
#............# #............#
#.........[..# #...<...b....#
##### ##.ยง..........# ....#
.'...5.s.5....# ....#
##.....h@.....# ....#
############## ....# ....#
....#
....#########################
....'...................(..>#
....#######################.#
....# ####.#


You could see Natasha, 2 crimson imps, a giant cockroach and a bat.

Vanquished Creatures
  A crimson imp (D:2)
  3 adders
  A worm (D:3)
  A dart slug (D:1)
  2 leopard geckos (D:3)
  2 orcs (D:3)
  8 goblins
  7 hobgoblins
  4 kobolds
  2 quokkas (D:2)
  A bat (D:2)
  4 frilled lizards
  A rat (D:1)
37 creatures vanquished.

Notes
Turn   | Place    | Note
-------+----------+-------------------------------------------
     0 | D:1      | spiff the Ogre Warper began the quest for the Orb.
     0 | D:1      | Reached XP level 1. HP: 22/22 MP: 3/3
   231 | D:1      | Reached skill level 3 in Fighting
   238 | D:1      | Reached XP level 2. HP: 18/31 MP: 5/5
  1075 | D:2      | Found an opulent altar of Gozag.
  1076 | D:2      | Found a bloodstained altar of Trog.
  1267 | D:2      | Reached XP level 3. HP: 31/37 MP: 5/7
  1415 | D:2      | Reached XP level 4. HP: 25/48 MP: 9/9
  1738 | D:2      | Reached skill level 4 in Fighting
  2354 | D:3      | Noticed Natasha
  2595 | D:3      | HP: 2/49 [Natasha (7)]
  2595 | D:3      | Slain by Natasha

Skill      XL: |  1  2  3  4 |
---------------+-------------+-----
Fighting       | 3 4 |  4.4
Maces & Flails | 2 |  2.9
Spellcasting   | 3 |  3.6
Throwing       | |  1.0
Dodging        | |  2.1
Translocations | |  2.6

Action                   |  1- 3 |  4- 6 || total
-------------------------+-------+-------++-------
Melee: Mace              |    77 |    50 ||   127
       Morningstar       |       |    22 ||    22
  Use: Scroll            |     3 |     2 ||     5
  Eat: Chunk             |     1 |     4 ||     5
Armor: Robe              |    20 |    22 ||    42
Dodge: Dodged            |    34 |    58 ||    92
